[Event "Magistral Osasco 60 Anos 2022"]
[Site "Sao Paolo"]
[Date "2022.02.19"]
[Round "1.1"]
[White "Rodi, Luis Ernesto"]
[Black "Stamenkovic, Dragan"]
[Result "1/2-1/2"]
[ECO "B30"]
[WhiteElo "2347"]
[BlackElo "2378"]
[Annotator "NA"]
[PlyCount "77"]
[EventDate "2022.02.19"]
[EventType "tourn"]
[EventCountry "BRA"]
[SourceTitle "playchess.com"]
[Source "ChessBase"]
[SourceQuality "1"]
[TimeControl "40/5400+30:1800+30"]

1. e4 c5 2. Nc3 Nc6 3. Bb5 Nd4 4. Nf3 e6 5. O-O a6 6. Bd3 Nc6 7. Nd5 g6 8. Re1 Bg7 9. c3 d6 10. Ne3 Nge7 11. Bc2 e5 12. b3 O-O 13. Bb2 f5 14. exf5 gxf5 15. d4 cxd4 16. cxd4 e4 17. Nh4 d5 18. g3 Qb6 19. Qh5 Be6 20. Rad1 Rf7 21. Qg5 Kh8 22. Ba3 Rg8 23. Bc5 Qc7 24. Qh5 f4 25. Nxd5 Bxd5 26. Bxe4 Bxe4 27. Rxe4 Rf6 28. d5 Rh6 29. Qe2 Ne5 30. Bxe7 Qxe7 31. Nf5 f3 32. Qe1 Qf6 33. Nxh6 Qxh6 34. h4 Qd6 35. Qe3 Rf8 36. Qg5 Bf6 37. Qh5 Bg7 38. Qg5 Bf6 39. Qh5 1/2-1/2

[Event "Magistral Osasco 60 Anos 2022"]
[Site "Sao Paolo"]
[Date "2022.02.19"]
[Round "1.2"]
[White "Di Berardino, Diego Rafael"]
[Black "Cubas, Jose Fernando"]
[Result "1-0"]
[ECO "D17"]
[WhiteElo "2483"]
[BlackElo "2469"]
[Annotator "ChessBase"]
[PlyCount "41"]
[EventDate "2022.02.19"]
[EventType "tourn"]
[EventCountry "BRA"]
[SourceTitle "playchess.com"]
[Source "ChessBase"]
[SourceQuality "1"]
[TimeControl "40/5400+30:1800+30"]

1. d4 d5 2. c4 c6 3. Nf3 Nf6 4. Nc3 dxc4 5. a4 Bf5 6. Ne5 Nbd7 7. Nxc4 Nb6 8. Ne5 Nfd7 9. e4 Nxe5 10. exf5 Ned7 11. a5 Nc8 12. a6 bxa6 13. Bxa6 Nd6 14. Qf3 Qb6 15. O-O g6 16. Bf4 Nxf5 17. Nb5 e5 18. Rfc1 Nxd4 19. Nxd4 Qxd4 20. Qxc6 Rd8 21. Bxe5 1-0

[Event "Magistral Osasco 60 Anos 2022"]
[Site "Sao Paolo"]
[Date "2022.02.19"]
[Round "1.3"]
[White "Pereira, Silvio Cunha"]
[Black "Quintiliano Pinto, Renato R."]
[Result "1/2-1/2"]
[ECO "B53"]
[WhiteElo "2217"]
[BlackElo "2468"]
[Annotator "ChessBase"]
[PlyCount "83"]
[EventDate "2022.02.19"]
[EventType "tourn"]
[EventCountry "BRA"]
[SourceTitle "playchess.com"]
[Source "ChessBase"]
[SourceQuality "1"]
[TimeControl "40/5400+30:1800+30"]

1. e4 c5 2. Nf3 d6 3. d4 cxd4 4. Qxd4 Nc6 5. Bb5 Bd7 6. Bxc6 Bxc6 7. c4 f5 8. exf5 Qa5+ 9. Nbd2 Qxf5 10. Qe3 e5 11. O-O Be7 12. c5 O-O-O 13. cxd6 Bxd6 14. Nc4 Bxf3 15. Qxf3 Qxf3 16. gxf3 Bc7 17. Bg5 Nf6 18. Rac1 Kb8 19. Rfd1 Rhe8 20. h3 Rxd1+ 21. Rxd1 Nh5 22. Nd2 h6 23. Be3 Rd8 24. Kg2 Rd6 25. Rc1 Nf6 26. Kf1 Nd5 27. Ke2 b6 28. Ne4 Rd7 29. a3 Kc8 30. Nc3 Nxc3+ 31. Rxc3 Rf7 32. Rc6 Kd7 33. Rg6 Bd8 34. Kd3 Bf6 35. Ke4 Ke6 36. Rg1 Rc7 37. Rc1 Rxc1 38. Bxc1 b5 39. b3 Bh4 40. Be3 a6 41. Bc5 g6 42. a4 1/2-1/2

[Event "Magistral Osasco 60 Anos 2022"]
[Site "Sao Paolo"]
[Date "2022.02.19"]
[Round "1.5"]
[White "Pereira, Silvio Cunha"]
[Black "Quintiliano Pinto, Renato R."]
[Result "*"]
[ECO "E90"]
[WhiteElo "2217"]
[BlackElo "2468"]
[Annotator "ChessBase"]
[PlyCount "25"]
[EventDate "2022.02.19"]
[EventType "tourn"]
[EventCountry "BRA"]
[SourceTitle "playchess.com"]
[Source "ChessBase"]
[SourceQuality "1"]
[TimeControl "40/5400+30:1800+30"]

1. d4 Nf6 2. c4 g6 3. Nc3 Bg7 4. e4 d6 5. Nf3 O-O 6. Bd3 Bg4 7. Be2 Nc6 8. d5 Bxf3 9. Bxf3 Na5 10. Be2 Nd7 11. Be3 Nb6 12. Bd4 Bxd4 13. Qxd4 *

[Event "Magistral Osasco 60 Anos 2022"]
[Site "Sao Paolo"]
[Date "2022.02.24"]
[Round "6.2"]
[White "Cubas, Jose Fernando"]
[Black "Languidey, Simon Alejandro"]
[Result "0-1"]
[ECO "C47"]
[WhiteElo "2469"]
[BlackElo "2403"]
[Annotator "RC"]
[PlyCount "54"]
[EventDate "2022.02.19"]
[EventType "tourn"]
[EventCountry "BRA"]
[SourceTitle "playchess.com"]
[Source "ChessBase"]
[SourceQuality "1"]
[TimeControl "40/5400+30:1800+30"]

1. e4 e5 2. Nf3 Nc6 3. d4 exd4 4. Nxd4 Nf6 5. Nc3 Bb4 6. Nxc6 bxc6 7. Bd3 d5 8. exd5 O-O 9. O-O Bg4 10. Ne2 cxd5 11. c3 Bd6 12. Qc2 h6 13. Ng3 Re8 14. Bd2 c5 15. c4 d4 16. Nf5 Bxf5 17. Bxf5 Qc7 18. g3 Qc6 19. Rfe1 Bc7 20. Rxe8+ Rxe8 21. Re1 Rxe1+ 22. Bxe1 Qe8 23. Bd2 Qc6 24. b4 cxb4 25. Bxb4 Nd7 26. Qe2 Ne5 27. Qe4 g6 0-1

[Event "Magistral Osasco 60 Anos 2022"]
[Site "Sao Paolo"]
[Date "2022.02.24"]
[Round "6.3"]
[White "Rodi, Luis Ernesto"]
[Black "Quintiliano Pinto, Renato R."]
[Result "0-1"]
[ECO "B23"]
[WhiteElo "2347"]
[BlackElo "2468"]
[Annotator "RC"]
[PlyCount "64"]
[EventDate "2022.02.19"]
[EventType "tourn"]
[EventCountry "BRA"]
[SourceTitle "playchess.com"]
[Source "ChessBase"]
[SourceQuality "1"]
[TimeControl "40/5400+30:1800+30"]

1. e4 c5 2. Nc3 d6 3. d4 cxd4 4. Qxd4 Nc6 5. Qd2 g6 6. b3 Bh6 7. f4 Nf6 8. Bb2 O-O 9. O-O-O e5 10. g3 Re8 11. Kb1 Nd4 12. Nge2 Bg4 13. Bg2 Nxe2 14. Nxe2 Nh5 15. Rdf1 Bxe2 16. Qxe2 exf4 17. Bf3 Ng7 18. Qd2 Ne6 19. h4 Bg7 20. Bxg7 Kxg7 21. gxf4 Qf6 22. f5 Nd4 23. fxg6 Nb5 24. Qe3 hxg6 25. Bd1 Qe5 26. Rf3 Rac8 27. Rhf1 Re7 28. Qf2 Nc3+ 29. Kc1 Nxe4 30. Rxf7+ Rxf7 31. Qxf7+ Kh8 32. c4 Qa1+ 0-1

[Event "Magistral Osasco 60 Anos 2022"]
[Site "Sao Paolo"]
[Date "2022.02.24"]
[Round "6.4"]
[White "Di Berardino, Diego Rafael"]
[Black "Pereira, Silvio Cunha"]
[Result "1/2-1/2"]
[ECO "C54"]
[WhiteElo "2483"]
[BlackElo "2217"]
[Annotator "ChessBase"]
[PlyCount "134"]
[EventDate "2022.02.19"]
[EventType "tourn"]
[EventCountry "BRA"]
[SourceTitle "playchess.com"]
[Source "ChessBase"]
[SourceQuality "1"]
[TimeControl "40/5400+30:1800+30"]

1. e4 e5 2. Nf3 Nc6 3. Bc4 Bc5 4. c3 Nf6 5. d4 exd4 6. e5 d5 7. Be2 Ne4 8. cxd4 Bb4+ 9. Bd2 Bxd2+ 10. Nbxd2 O-O 11. O-O f6 12. Bb5 Ne7 13. exf6 gxf6 14. Re1 Nd6 15. Bd3 Bf5 16. Bxf5 Nexf5 17. Qb3 c6 18. Ne4 Qb6 19. Nc5 Qxb3 20. Nxb3 Kf7 21. Nc5 Rfe8 22. Kf1 b6 23. Na6 Re4 24. Rac1 Rc8 25. a4 Rxe1+ 26. Kxe1 h5 27. Ke2 Ke6 28. Kd3 Ne4 29. Ke2 Kd6 30. Nb4 a5 31. Nd3 Ng5 32. Nde1 Re8+ 33. Kd3 Ne4 34. Rc2 c5 35. Re2 cxd4 36. Nxd4 Nc5+ 37. Kd2 Rxe2+ 38. Nxe2 Ne4+ 39. Kc2 Nxf2 40. Nf4 h4 41. Nf3 Ng4 42. Kc3 Ne5 43. Nd4 Nxd4 44. Kxd4 Nc6+ 45. Kc3 Ne7 46. Kd4 Nf5+ 47. Kd3 Ne7 48. Kd4 Nc6+ 49. Kc3 d4+ 50. Kc4 Ke5 51. Ng6+ Ke4 52. Nxh4 Ne5+ 53. Kb3 Kf4 54. Kc2 Kg4 55. g3 Kh3 56. b3 Kxh2 57. Nf5 Kh3 58. Nxd4 Kxg3 59. Kc3 Kg4 60. b4 f5 61. bxa5 bxa5 62. Ne6 f4 63. Nxf4 Kxf4 64. Kd4 Nd7 65. Kc4 Nb6+ 66. Kb5 Nxa4 67. Kxa5 Ke5 1/2-1/2

[Event "Magistral Osasco 60 Anos 2022"]
[Site "Sao Paolo"]
[Date "2022.02.26"]
[Round "8.5"]
[White "Alboredo, Julia"]
[Black "Pereira, Silvio Cunha"]
[Result "1-0"]
[ECO "C53"]
[WhiteElo "2216"]
[BlackElo "2217"]
[Annotator "ChessBase"]
[PlyCount "57"]
[EventDate "2022.02.19"]
[EventType "tourn"]
[EventCountry "BRA"]
[SourceTitle "playchess.com"]
[Source "ChessBase"]
[SourceQuality "1"]
[TimeControl "40/5400+30:1800+30"]

1. e4 e5 2. Nf3 Nc6 3. Bc4 Bc5 4. c3 Bb6 5. d4 Qe7 6. Bg5 Nf6 7. d5 Nd8 8. d6 cxd6 9. Na3 a6 10. O-O Ne6 11. Bxf6 Qxf6 12. g3 h5 13. Nh4 Ng5 14. Bd5 Nh3+ 15. Kg2 Nf4+ 16. Kh1 Bd8 17. Nc4 Nxd5 18. Qxd5 Qe6 19. Nxd6+ Kf8 20. Rad1 Rh6 21. Nhf5 Rf6 22. Qc5 b6 23. Qe3 Rg6 24. f4 Kg8 25. Rd5 exf4 26. gxf4 Bc7 27. Rfd1 f6 28. Rg1 Rxg1+ 29. Qxg1 1-0